 Dungeon Crawl Stone Soup version 0.17-a0-1850-g688e747 (webtiles) character file.

17175 nubinia the Protected (level 12, 86/110 HPs)
             Began as a Minotaur Hunter on Sept 19, 2015.
             Was an Elder of Ashenzari.
             Quit the game on level 3 of the Lair of Beasts.
             The game lasted 01:01:32 (13832 turns).

nubinia the Protected (Minotaur Hunter)            Turns: 13832, Time: 01:01:32

Health: 86/110     AC: 25    Str: 20    XL:     12   Next: 16%
Magic:  13/13      EV: 14    Int:  8    God:    Ashenzari [****..]
Gold:   566        SH:  3    Dex: 13    Spells: 0 memorised, 11 levels left

rFire  . . .     SeeInvis +     E - +1 hand axe of Fragile Peace {venom, MR+} (curse)
rCold  . . .     Clarity  +     C - +1 chain mail (curse)
rNeg   . . .     SustAt   .     n - +0 buckler (curse)
rPois  .         Gourm    .     (helmet restricted)
rElec  .         Spirit   .     g - +2 cloak (curse)
rCorr  .         Warding  .     l - +0 pair of gloves (curse)
rMut   .         Stasis   .     H - +0 pair of boots
MR     +....                    (no amulet)
Stlth  ..........               r - +2 ring of evasion (curse)
                                V - +4 ring of protection (curse)

@: somewhat resistant to hostile enchantments, extremely unstealthy
A: retaliatory headbutt, horns 2
a: Scrying, Renounce Religion


You were on level 3 of the Lair of Beasts.
You worshipped Ashenzari.
Ashenzari was greatly pleased with you.
You were not hungry.

You visited 2 branches of the dungeon, and saw 11 of its levels.
You also visited: Sewer.

You collected 566 gold pieces.

Inventory:

Hand weapons
 a - a +2 shortbow
 b - a +0 flail
 c - a +0 short sword
 q - a +0 club
 E - the cursed +1 hand axe of Fragile Peace (weapon) {venom, MR+}
   (You found it on level 6 of the Dungeon)

   It poisons the flesh of those it strikes.
   It affects your resistance to hostile enchantments.
   It has a curse placed upon it.
Missiles
 f - 209 arrows
 Q - 23 arrows of flame
 S - 20 arrows of frost
Armour
 d - a +0 leather armour
 g - a cursed +2 cloak (worn)
 l - a cursed +0 pair of gloves (worn)
 n - a cursed +0 buckler (worn)
 C - a cursed +1 chain mail (worn)
 H - a +0 pair of boots (worn)
Jewellery
 k - an uncursed ring of flight
 r - a cursed +2 ring of evasion (right hand)
 I - an uncursed ring of positive energy
 U - an uncursed ring of protection from magic
 V - a cursed +4 ring of protection (left hand)
Magical devices
 w - a wand of slowing (22)
 z - a wand of lightning (10)
 N - a wand of paralysis (9)
 P - a wand of fire (1)
 R - a wand of lightning (9)
Scrolls
 h - 2 scrolls of curse armour
 m - 3 scrolls of curse weapon
 o - 5 scrolls of identify
 x - 3 scrolls of recharging
 y - 6 scrolls of magic mapping
 A - a scroll of curse jewellery
 B - 5 scrolls of remove curse
 D - 3 scrolls of fear
 F - 2 scrolls of blinking
 L - 4 scrolls of enchant weapon
 W - a scroll of teleportation
Potions
 i - 10 potions of curing
 j - a potion of cancellation
 p - a potion of magic
 t - a potion of agility
 u - a potion of lignification
 v - 3 potions of might
 G - a potion of heal wounds
 O - a potion of brilliance
Comestibles
 e - 13 bread rations
 s - 10 meat rations
 J - a beef jerky
 K - a slice of pizza
 M - 2 royal jellies
 T - 6 chunks of flesh


   Skills:
 + Level 11.1 Fighting
 + Level 7.4(11.3) Axes
 + Level 5.1(7.0) Maces & Flails
 + Level 8.2 Bows
 + Level 12.1(15.2) Armour
 + Level 10.2 Dodging
 + Level 4.0 Stealth
 + Level 0.2(0.8) Shields
 + Level 3.8(5.9) Evocations


You had 11 spell levels left.
You didn't know any spells.

Dungeon Overview and Level Annotations

Branches:
Dungeon (8/15)             Temple (0/1) D:6            Lair (3/8) D:8
  Swamp (0/4) Lair:3
  Snake: Lair:3-6    Spider: Lair:3-6

Altars:
Ashenzari
Elyvilon
Gozag
Makhleb
Nemelex Xobeh
Zin
The Shining One

Shops:
D:5 %   D:8 :*[=

Annotations:
Lair:1 exclusion: ice statue


Innate Abilities, Weirdness & Mutations

You reflexively headbutt those who attack you in melee.
You have a pair of horns on your head.


Message History

Unknown command.
You hit the swamp worm. You headbutt the swamp worm.
The swamp worm is almost dead.
You hit the swamp worm but do no damage.
The swamp worm is moderately wounded.
You kill the swamp worm!
The swamp worm closely misses you.
You hit the swamp worm.
The swamp worm is heavily wounded.
You slash the swamp worm! You headbutt the swamp worm.
You kill the swamp worm!
An electric eel comes into view.
The electric eel shoots out a bolt of lightning at you!
The bolt of electricity hits you!
Found a staircase to the Swamp.
Saving game... please wait.
Welcome back, nubinia the Minotaur Hunter.
Ashenzari says: Partake of my vision.
Partake of my curse.
Press ? for a list of commands and other information.
Are you sure you want to abandon this character and quit the game? (Confirm with "yes".)

...........................#
....#.##..................###
..########...........<......#
...####.##.....###P#...#...##
..##...#......♣♣ ♣♣♣♣♣♣##..#
..##.....♣♣♣♣♣♣♣♣♣♣♣*♣♣♣♣♣##
.......♣♣♣≈≈≈≈♣≈≈≈≈♣≈§§§≈
......♣.........♣....§§§;
..##........♣...@.♣.♣.§§§*
..P....♣♣♣≈≈≈≈≈≈≈≈≈♣≈≈≈ ≈*
.P...+...♣♣♣♣♣♣♣♣♣♣♣*♣♣ *
.>............♣♣♣♣** *
.................. ,,, ,,
.................. ,,,, , *
.................., ,, ,,
.................. ,, ,, , *
...#..#...#....... ,, ,,*


There were no monsters in sight!

Vanquished Creatures
  A hydra (Lair:2)
  The ghost of Ijustatesigmund the Slinger, an experienced HaHu (D:7)
  A hill giant (D:6)
  A black mamba (Lair:2)
  A centaur skeleton (D:7)
  2 spiny frogs
  2 komodo dragons (Lair:1)
  A freezing wraith (Lair:1)
  A polar bear (Lair:1)
  A spriggan (D:7)
  A basilisk (Lair:3)
  15 yaks
  3 swamp worms (Lair:3)
  Menkaure (D:7)
  A water moccasin (Lair:2)
  4 wolves (Lair:1)
  A sky beast (D:7)
  5 porcupines
  7 ice beasts
  A phantom (D:5)
  2 black bears
  2 orc warriors (D:7)
  4 centaurs
  5 crocodiles
  3 ogres
  The ghost of derrpe the Grave Robber, an average DsNe of Vehumet (D:4)
  7 giant frogs
  A scorpion (D:5)
  10 killer bees
  3 wights (D:7)
  2 crimson imps
  A jelly (D:4)
  3 hounds
  4 orc wizards
  Crazy Yiuf (D:7)
  4 orc priests
  6 iguanas
  3 worker ants
  A worker ant zombie (D:5)
  24 river rats
  4 gnolls (D:3)
  A shadow imp (D:5)
  25 adders
  3 white imps (Lair:1)
  An ooze (Sewer)
  2 adder zombies (D:5)
  2 worms (D:2)
  28 orcs
  13 ball pythons
  9 giant cockroaches
  11 hobgoblins
  3 jackals (D:6)
  10 kobolds
  3 quokkas
  A ball python skeleton (D:4)
  5 bats
  7 giant geckos
  A giant gecko skeleton (D:5)
  A giant gecko zombie (D:5)
  8 giant newts
  9 goblins
  3 jackal skeletons
  30 rats
  3 fungi
321 creatures vanquished.

Vanquished Creatures (others)
  A quokka (D:8)
  A fungus (Lair:1)
  2 plants (Lair:1)
4 creatures vanquished.

Grand Total: 325 creatures vanquished

Notes
Turn   | Place    | Note
--------------------------------------------------------------
     0 | D:1      | nubinia the Minotaur Hunter began the quest for the Orb.
     0 | D:1      | Reached XP level 1. HP: 18/18 MP: 0/0
   289 | D:1      | Reached XP level 2. HP: 13/25 MP: 1/1
   531 | D:1      | Reached skill level 5 in Bows
   966 | D:2      | Found a faded altar to an unknown god.
  1006 | D:2      | Became a worshipper of Ashenzari the Shackled
  1006 | D:2      | Acquired Ashenzari's first power
  1030 | D:2      | Reached XP level 3. HP: 26/30 MP: 2/2
  1036 | D:2      | Reached skill level 1 in Armour
  1734 | D:2      | Found a sparkling altar of Nemelex Xobeh.
  1826 | D:2      | Reached XP level 4. HP: 37/37 MP: 3/3
  2012 | D:2      | Found an opulent altar of Gozag.
  2589 | D:3      | Reached skill level 1 in Stealth
  2957 | D:3      | Reached XP level 5. HP: 35/42 MP: 4/4
  3154 | D:3      | Reached skill level 1 in Maces & Flails
  3197 | D:3      | Found a glowing golden altar of the Shining One.
  3228 | D:3      | Found a burning altar of Makhleb.
  3230 | D:3      | Found a glowing silver altar of Zin.
  3232 | D:3      | Noticed an angel
  3234 | D:3      | Noticed a balrug
  3798 | D:4      | Reached XP level 6. HP: 51/51 MP: 5/5
  3852 | D:4      | Noticed derrpe's ghost (average DsNe)
  3857 | D:5      | Entered Level 5 of the Dungeon
  4108 | D:5      | Reached skill level 6 in Bows
  4204 | D:5      | Reached skill level 5 in Dodging
  4271 | D:5      | Reached XP level 7. HP: 50/58 MP: 6/6
  4283 | D:5      | Acquired Ashenzari's second power
  4594 | D:5      | Reached skill level 7 in Bows
  4659 | D:5      | Found Udurchov's Food Emporium.
  5085 | D:6      | Found a glowing drain.
  5104 | Sewer    | Entered a sewer
  5745 | Sewer    | Reached XP level 8. HP: 64/66 MP: 5/7
  6037 | Sewer    | Gained mutation: You are occasionally teleported to nearby monsters. [potion of mutation]
  6037 | Sewer    | Gained mutation: You are weak. (Str -2) [potion of mutation]
  6038 | Sewer    | Lost mutation: You are weak. (Str -2) [potion of cure mutation]
  6038 | Sewer    | Lost mutation: You are occasionally teleported to nearby monsters. [potion of cure mutation]
  6115 | D:6      | Found a staircase to the Ecumenical Temple.
  6126 | D:6      | Reached skill level 5 in Armour
  6710 | D:6      | Got the cursed hand axe of Fragile Peace {venom, MR+}
  6711 | D:6      | Identified the cursed +1 hand axe of Fragile Peace {venom, MR+} (You found it on level 6 of the Dungeon)
  6727 | D:6      | Reached skill level 5 in Fighting
  7074 | D:7      | Reached XP level 9. HP: 43/74 MP: 8/8
  7440 | D:7      | Found a glowing golden altar of the Shining One.
  7503 | D:7      | Noticed Ijustatesigmund's ghost (experienced HaHu)
  7558 | D:7      | Noticed Menkaure
  7566 | D:7      | Killed Menkaure
  7566 | D:7      | Reached skill level 5 in Maces & Flails
  7877 | D:7      | Reached skill level 8 in Bows
  8197 | D:6      | Noticed a hill giant
  8227 | D:6      | Killed a hill giant
  8227 | D:6      | Reached skill level 1 in Axes
  8608 | D:4      | Killed derrpe's ghost
  9105 | D:7      | Killed Ijustatesigmund's ghost
  9105 | D:7      | Reached skill level 9 in Armour
  9155 | D:7      | Noticed Crazy Yiuf
  9162 | D:7      | Killed Crazy Yiuf
  9310 | D:7      | Reached XP level 10. HP: 68/84 MP: 9/9
  9312 | D:7      | Noticed a centaur skeleton
  9333 | D:7      | Killed a centaur skeleton
  9749 | D:8      | Found Qoixep's Jewellery Emporium.
  9812 | D:8      | Found a staircase to the Lair.
  9828 | D:8      | Found Mudeagic's Jewellery Shoppe.
 10018 | D:8      | Found Sogocu's General Store.
 10044 | D:8      | Found Xoownude's Book Shoppe.
 10206 | D:8      | Reached skill level 10 in Armour
 10206 | D:8      | Reached XP level 11. HP: 91/99 MP: 9/12
 10246 | D:8      | Found Kujom's Armour Shoppe.
 10256 | D:8      | Found a white marble altar of Elyvilon.
 10336 | D:8      | Acquired Ashenzari's third power
 10404 | Lair:1   | Entered Level 1 of the Lair of Beasts
 10642 | Lair:1   | Noticed an ice statue
 10670 | Lair:1   | Reached skill level 10 in Fighting
 10684 | Lair:1   | Reached skill level 5 in Axes
 10721 | Lair:1   | Reached skill level 11 in Armour
 12286 | Lair:2   | Noticed a five-headed hydra
 12321 | Lair:2   | Killed a five-headed hydra
 12329 | Lair:2   | Acquired Ashenzari's fourth power
 13224 | Lair:3   | Reached XP level 12. HP: 110/110 MP: 13/13
 13390 | Lair:3   | Reached skill level 10 in Dodging
 13673 | Lair:3   | Reached skill level 12 in Armour
 13830 | Lair:3   | Found a staircase to the Swamp.
 13832 | Lair:3   | Quit the game

Vault maps used:
D:1:      ncdulo_smallfort, serial_glass, glass_columns_b, glass_columns_a
D:2:      nemelex_altar_shiori, ecumenical_altar_2, first_bread,
          grunt_gozag_breadcrumbs
D:3:      tso_altar, grunt_temple_overflow_order_and_chaos_2
D:4:      serial_glass, glass_columns_a, glass_columns_c, glass_columns_c,
          glass_columns_b, glass_columns_a, glass_columns_a,
          serial_bayou_pond_a, kennysheep_cross_room
D:5:      black_bear_nest_2, serial_shops, shop
D:6:      temple_fountains, portal_sewer_entry_f
D:7:      basic_altar, the_bakery, uniq_crazy_yiuf_cottage, uniq_menkaure
D:8:      dpeg_oklobed_lair, serial_shops, shop, shop, nicolae_shop_stone,
          nicolae_shop_crystal, kennysheep_mini, elyvilon_altar_4
Lair:1:   minmay_lair_venomous_thicket, ice2_lemuel
Lair:3:   nicolae_swamp_entry_splash_gauntlet
Sewer:    sewer_minmay_w

Action                   |  1- 3 |  4- 6 |  7- 9 | 10-12 || total
-------------------------+-------+-------+-------+-------++-------
Melee: Club              |   121 |   108 |       |       ||   229
       Unarmed           |     8 |       |       |       ||     8
       Flail             |       |    71 |   216 |       ||   287
       Hand axe          |       |       |   163 |   428 ||   591
 Fire: Shortbow          |    21 |    61 |    36 |       ||   118
 Abil: Evoke Flight      |       |       |     2 |       ||     2
Evoke: Wand              |       |       |       |     6 ||     6
  Use: Scroll            |     1 |     6 |    14 |     6 ||    27
       Potion            |       |     1 |     7 |     6 ||    14
  Eat: Chunk             |     3 |     8 |    13 |    14 ||    38
       Royal jelly       |       |       |     2 |       ||     2
       Fruit             |       |       |       |     1 ||     1
